 Dungeon Crawl Stone Soup version 0.29-a0-1033-gb6c65ffae6 (webtiles) character file.

Game seed: 10329833882786986030

93 spaghetti the Fighter (level 4, -1/67 HPs)
             Began as an Ogre Chaos Knight on Aug 12, 2022.
             Was a Plaything of Xom.
             Slain by an orc priest
             ... wielding a +0 flail
              (10 damage)
             ... on level 3 of the Dungeon on Aug 14, 2022.
             The game lasted 00:05:08 (1937 turns).

spaghetti the Fighter (Ogre Chaos Knight)           Turns: 1937, Time: 00:05:09

Health: -1/67      AC:  5    Str: 15 (16) XL:     4   Next: 61%
Magic:  4/4        EV:  9    Int: 13 (15) God:    Xom [.*....]
Gold:   97         SH:  0    Dex:  6 (8)  Spells: 3/3 levels left

rFire   . . .      SeeInvis .     - Unarmed
rCold   . . .      Faith    .   (no shield)
rNeg    . . .      Spirit   .   a - +2 robe
rPois   .          Reflect  .   (helmet restricted)
rElec   .          Harm     .   (no cloak)
rCorr   .          Rampage  .   (gloves unavailable)
Will    .....                   (boots unavailable)
Stlth   +.........              (no amulet)
HPRegen 0.21/turn               (no ring)
MPRegen 0.09/turn               (no ring)

@: about to teleport, attractive
A: large, unfitting armour, tough skin 1
a: Renounce Religion


You were on level 3 of the Dungeon.
You worshipped Xom.
You were a plaything of Xom.
You visited 1 branch of the dungeon, and saw 3 of its levels.

You collected 97 gold pieces.


Innate Abilities, Weirdness & Mutations

You are too large for most types of armour.
You have tough skin. (AC +1)


   Skills:
 + Level 12.9 Fighting
 - Level 2.1 Dodging
 + Level 2.8 Unarmed Combat


You had 3 spell levels left.
You didn't know any spells.
Your spell library contained the following spells:

 Spells                   Type           Power      Damage    Failure   Level
 Passage of Golubria      Tloc           0%         N/A       97%         4
 Silence                  Hex/Air        0%         N/A       100%        5
 Lehudib's Crystal Spear  Conj/Erth      0%         10d2      100%        8

Inventory:

Hand Weapons
 g - a +0 spear {polearm}
   (You found it on level 1 of the Dungeon)
 i - a +0 short sword {short}
   (You took it off a kobold on level 1 of the Dungeon)
 j - a +0 spear {polearm}
   (You took it off a gnoll on level 1 of the Dungeon)
 o - a +0 dagger {short}
   (You took it off a goblin on level 2 of the Dungeon)
 p - a +0 dagger {short}
   (You found it on level 2 of the Dungeon)
 q - a +0 club {mace}
   (You took it off a kobold on level 2 of the Dungeon)
 t - a +0 dagger {short}
   (You took it off a goblin on level 2 of the Dungeon)
Missiles
 n - 3 large rocks {=fthrowing}
 r - 4 poisoned darts {throwing}
Armour
 a - a +2 robe (worn)
Jewellery
 h - a ring of willpower
   (You found it on level 1 of the Dungeon)
Scrolls
 c - a scroll of identify {unknown}
 e - a scroll of immolation {unknown}
 f - a scroll of teleportation {@r4}
 l - a scroll of amnesia {unknown}
 m - a scroll of poison {unknown}
 u - a scroll of blinking {unknown}
Potions
 k - a potion of curing {@q1}
Miscellaneous
 b - a piece from Xom's chessboard (15/15) (quivered)

Dungeon Overview and Level Annotations

Branches:
Dungeon (3/15) Zot: 16047

Altars:

####. ....
.... . #.#.###
..... #.#...#
.....##.##o#
.........oo#
.....o.###@#
...!.....#{##
..o....#.#<ยง#
...o...#.##.#
..o.o..#....#
.......######
.......


You could see an orc priest and 2 orcs.


Message History

The orc wizard hits you but does no damage.
The orc hits you but does no damage.
You closely miss the orc. The orc wizard barely misses you.
The orc hits you but does no damage.
You hit the orc.
You kill the orc!
The orc wizard hits you but does no damage. ๐Ÿ˜• HP[+1]
You hit the frilled lizard.
You kill the frilled lizard!
Xom alters the dungeon around you.
Nothing appears to happen.
The orc wizard hits you but does no damage.
You hit the orc but do no damage. The orc wizard barely misses you.
The orc hits you but does no damage.
You barely miss the orc. You punch the orc.
The orc wizard hits you but does no damage.
The orc closely misses you.
You hit the orc but do no damage.
The orc wizard hits you but does no damage.
The orc priest looks encouraged for a moment.
The orc hits you with a +0 hand axe. ๐Ÿ˜• HP[-2]
You take 2 damage, and now have 55/67 hp.
You barely miss the orc.
The orc wizard hits you but does no damage. ๐Ÿ˜• HP[+1]
You closely miss the orc priest.
The orc priest hits you with a +0 flail!
The orc hits you but does no damage.
The orc wizard hits you with a +0 dagger. ๐Ÿ˜ฎ HP[-11]
You take 11 damage, and now have 45/67 hp.
You hit the orc priest.
The orc wizard hits you with a +0 dagger.
The orc hits you with a +0 hand axe.
The orc priest hits you with a +0 flail. ๐Ÿ˜ฎ HP[-8]
You take 8 damage, and now have 37/67 hp.
Unknown command.
It was a potion of curing.
You feel better.
Xom roars with laughter!
The orc wizard mumbles some strange words.
The orc wizard flickers and vanishes!
Deactivating autopickup; reactivate with Ctrl-A.
The orc closely misses you.
The orc priest looks encouraged for a moment. ๐Ÿ˜ฎ HP[+7]
You regained 7 hp, and now have 44/67 hp.
You barely miss the orc. "Get over here!"
The orc blinks! x2
The orc priest hits you with a +0 flail.
The orc hits you with a +0 club.
* * * LOW HITPOINT WARNING * * *
๐Ÿ˜จ HP[-11]
You take 11 damage, and now have 33/67 hp.
Unknown command.
You miss something.
The orc priest invokes the aid of Beogh against you.
Pain shoots through your body!
* * * LOW HITPOINT WARNING * * *
Something hits you but does no damage.
The orc hits you but does no damage. ๐Ÿ˜จ HP[-6]
You take 6 damage, and now have 27/67 hp.
Unknown command.
It was a potion of attraction.
You feel attractive to monsters. Something hits you.
* * * LOW HITPOINT WARNING * * *
The orc priest mumbles some strange prayers to Beogh against you.
Beogh smites you!
* * * LOW HITPOINT WARNING * * *
The orc hits you with a +0 club.
* * * LOW HITPOINT WARNING * * *
๐Ÿ˜ฑ HP[-14]
You take 14 damage, and now have 13/67 hp.
MASSIVE DAMAGE!! (PAUSE) It was a potion of degeneration.
There was something very wrong with that liquid.
You feel weakened.
You feel dopey.
You feel clumsy. Something hits you but does no damage.
The orc barely misses you.
The orc priest casts a cantrip, but nothing happens.
You hit the orc but do no damage.
You hear some strange, mumbled words.
A puff of flame appears from out of thin air!
The puff of flame hits you.
* * * LOW HITPOINT WARNING * * *
The orc hits you with a +0 club.
* * * LOW HITPOINT WARNING * * *
The orc priest hits you but does no damage. ๐Ÿ˜ฑ HP[-4]
You take 4 damage, and now have 9/67 hp.
As you read the scroll labelled BIAF IQUDGHE, it crumbles to dust.
You feel strangely unstable.
It was a scroll of teleportation.
Something hits you but does no damage. The orc closely misses you.
The orc priest hits you with a +0 flail!
You die...
Xom laughs nastily!

Skill      XL: |  1  2 |
---------------+-------+-----
Fighting       | 12 | 12.9
Dodging        | |  2.1
Unarmed Combat | |  2.8

Action                   |  1- 3 |  4- 6 || total
-------------------------+-------+-------++-------
Melee: Unarmed           |    93 |    95 ||   188
       Punch             |     1 |     1 ||     2
  Use: Potion            |       |     3 ||     3
       Scroll            |       |     1 ||     1
 Stab: Sleeping          |     1 |       ||     1
Armor: Robe              |    51 |    44 ||    95
Dodge: Dodged            |    52 |    43 ||    95

Levels and vault maps discovered:
D:1:      psy_arrival_terrarium, layout_basic, minmay_hedge_maze,
          dk_noncrumbling_2
D:2:      layout_loops_ring, chequers_big_river
D:3:      layout_basic, mainiacjoe_overflow_alcove_1, serial_shops, shop_statue

Notes
Turn   | Place    | Note
-------+----------+-------------------------------------------
     0 | D:1      | spaghetti the Ogre Chaos Knight began the quest for the
                  | Orb.
     0 | D:1      | Reached XP level 1. HP: 24/24 MP: 1/1
     0 | D:1      | magus.rc [v1.9.6]
     1 | D:1      | XOM: silly message
    42 | D:1      | XOM: divination: magic mapping
    43 | D:1      | Upgraded the game from 0.29-a0-1027-gcd8c55af63 to
                  | 0.29-a0-1033-gb6c65ffae6
    43 | D:1      | magus.rc [v1.9.6]
   141 | D:1      | Reached XP level 2. HP: 28/33 MP: 2/2
   141 | D:1      | magus.rc [v1.9.6]
   311 | D:1      | Reached skill level 5 in Fighting
   391 | D:1      | XOM: divination: magic mapping
   488 | D:1      | XOM: potion effect (experience)
   488 | D:1      | Reached skill level 12 in Fighting
   488 | D:1      | Reached XP level 3. HP: 58/58 MP: 3/3
   674 | D:1      | Reached XP level 4. HP: 55/67 MP: 4/4
   802 | D:1      | XOM: silly message
   878 | D:1      | You fall into a shaft and drop 1 floor!
   921 | D:2      | XOM: 2-stop teleportation journey
  1206 | D:2      | XOM is BORED!
  1545 | D:2      | XOM: cloud trail
  1682 | D:2      | You pick up a book of the Moon and begin reading...
  1682 | D:2      | You add the spells Passage of Golubria, Silence and
                  | Lehudib's Crystal Spear to your library.
  1903 | D:3      | XOM: enchant monster (good)
  1916 | D:3      | XOM: fog
  1932 | D:3      | XOM: blink monster(s)
  1934 | D:3      | HP: 14/67 [orc priest/divine providence (12)]
  1937 | D:3      | Slain by an orc priest

Vanquished Creatures
  2 adders (D:2)
  A gnoll (D:1)
  A worm (D:2)
  A dart slug (D:1)
  An orc (D:3)
  4 ball pythons
  3 bats
  3 endoplasms (D:1)
  A giant cockroach (D:2)
  2 goblins (D:2)
  2 hobgoblins
  4 jackals (D:1)
  2 kobolds
  A quokka (D:1)
  2 frilled lizards
  3 rats (D:2)
33 creatures vanquished.

Vanquished Creatures (others)
  4 plants (D:2)
4 creatures vanquished.

Grand Total: 37 creatures vanquished

Table legend:
 A = Non-vault XP
 B = Vault XP
 C = Vault XP percentage of total XP
 D = Non-vault monster count
 E = Vault monster count
 F = Vault count percentage of total count
                 A         B        C        D         E       F
            +---------+---------+-------+---------+---------+-------
      Total |      94 |       0 |   0.0 |      33 |       0 |   0.0
            +---------+---------+-------+---------+---------+-------
        D:1 |      44 |       0 |   0.0 |      17 |       0 |   0.0
        D:2 |      45 |       0 |   0.0 |      13 |       0 |   0.0
        D:3 |       5 |       0 |   0.0 |       3 |       0 |   0.0
            +---------+---------+-------+---------+---------+-------

Illustrated notes

Table legend:
 A = Kills in this place as a percentage of kills in entire the game.
 B = Kills by you in this place as a percentage of kills by you in the entire game.
 C = Kills by friends in this place as a percentage of kills by friends in the entire game.
 D = Other kills in this place as a percentage of other kills in the entire game.
 E = Experience gained in this place as a percentage of experience gained in the entire game.
 F = Experience gained in this place divided by the number of levels of this place that you have seen.
                   A       B       C       D       E      F
               +-------+-------+-------+-------+-------+----------------------
         Total | 100.0 | 100.0 |   N/A |   N/A | 100.0 |  31.3
       Dungeon | 100.0 | 100.0 |   N/A |   N/A | 100.0 |  31.3
               +-------+-------+-------+-------+-------+----------------------

Table legend: (Time is in decaauts)
 A = Elapsed time spent in this place.
 B = Non-inter-level travel time spent in this place.
 C = Inter-level travel time spent in this place.
 D = Time resting spent in this place.
 E = Time spent auto-exploring this place.
 F = Levels seen in this place.
 G = Mean time per level.
                   A        B        C        D        E       F      G
               +--------+--------+--------+--------+--------+-----+--------+
         Total |   1951 |   1944 |      7 |      0 |   1574 |   3 |  650.3 |
       Dungeon |   1951 |   1944 |      7 |      0 |   1574 |   3 |  650.3 |
               +--------+--------+--------+--------+--------+-----+--------+

Top non-repeatable levels by time:
     D:2: 1032 daAuts
     D:1: 873 daAuts
     D:3: 44 daAuts
